 Dungeon Crawl Stone Soup version 0.31-a0-1537-g69dc257577 (webtiles) character file.

Game seed: 16408905193212877323

1488845 seandewar5 the Bringer of Law (level 27, 240/240 HPs)
             Began as a Formicid Hunter on Jan 1, 2024.
             Was the Champion of Zin.
             Escaped with the Orb
             ... and 3 runes on Jan 2, 2024!
             The game lasted 06:01:14 (90133 turns).

seandewar5 the Bringer of Law (Formicid Hunter)    Turns: 90133, Time: 06:01:15

Health: 240/240    AC: 27    Str: 19    XL:     27
Magic:  40/40      EV: 27    Int:  8    God:    Zin [******]
Gold:   2542       SH: 37    Dex: 30    Spells: 26/26 levels left

rFire   + + .        a - +9 triple crossbow (flame)
rCold   + . .        x - +5 tower shield of the Other Side {-Cast rN+ Will+ Regen+}
rNeg    + + .        U - +5 acid dragon scales
rPois   +            (helmet unavailable)
rElec   +            j - +2 cloak
rCorr   +            N - +2 pair of gloves {Dex+3}
SInv    +            P - +2 pair of boots
Will    ++++.        t - amulet "Peuwupua" {Reflect ^Contam rPois rF++ rCorr SH+5}
Stlth   +++          l - ring "Hit Diass" {+Blink rElec Will+ rCorr Int-2}
HPRegen 1.40/turn    X - ring "Plog" {rElec rPois rC+ rN+}
MPRegen 0.27/turn

%: no spellcasting, reflection
@: no status effects
A: permanent stasis, dig shafts and tunnels, antennae 3, four strong arms
0: Orb of Zot
}: 3/15 runes: serpentine, barnacled, abyssal
a: Dig, Shaft Self, Renounce Religion, Recite, Vitalisation, Imprison,
Sanctuary, Donate Gold


You escaped.
You worshipped Zin.
Zin was exalted by your worship.
You visited 11 branches of the dungeon, and saw 48 of its levels.
You visited the Abyss 2 times.
You also visited: Ice Cave and Volcano.

You collected 8764 gold pieces.
You spent 5331 gold pieces at shops.
You donated 891 gold pieces to Zin.

Inventory:

Hand Weapons
 a - a +9 triple crossbow of flaming (weapon)
 b - a +0 arbalest of freezing
Missiles
 d - 24 silver javelins
 v - 4 throwing nets {!f}
 F - 9 darts of dispersal
 V - 11 curare-tipped darts
Armour
 e - +0 shadow dragon scales
 j - a +2 cloak (worn)
 x - the +5 tower shield of the Other Side (worn) {-Cast rN+ Will+ Regen+}
   (Okawaru gifted it to you on level 13 of the Dungeon)

   rN+:       It protects you from negative energy.
   Will+:     It increases your willpower.
   -Cast:     It prevents spellcasting.
   Regen+:    It increases your rate of health regeneration.
 N - a +2 pair of gloves of dexterity (worn)
 P - a +2 pair of boots (worn)
 Q - a scarf of resistance
 U - +5 acid dragon scales (worn)
Jewellery
 c - a ring of poison resistance
 f - a ring of protection from cold
 l - the ring "Hit Diass" (left hand) {+Blink rElec Will+ rCorr Int-2}
   (You bought it in a shop on level 4 of the Snake Pit)

   [ring of resist corrosion]

   Int-2:     It affects your intelligence (-2).
   rElec:     It insulates you from electricity.
   Will+:     It increases your willpower.
   +Blink:    It lets you blink.
   rCorr:     It protects you from acid and corrosion.
 t - the amulet "Peuwupua" (around neck) {Reflect ^Contam rPois rF++ rCorr SH+5}
   (You bought it in a shop on level 4 of the Dungeon)

   [amulet of reflection]

   Reflect:   It reflects blocked missile attacks.
   rF++:      It greatly protects you from fire.
   rPois:     It protects you from poison ^Contam: It causes magical
   contamination when unequipped.
   rCorr:     It protects you from acid and corrosion.
   SH+5:      It affects your SH (+5).
 w - a +4 ring of protection
 z - a +5 ring of evasion
 B - an amulet of guardian spirit
 D - a ring of willpower
 E - the ring of Avuinupe {rN+ Will+ rCorr}
   (You took it off a yellow draconian on level 3 of the Realm of Zot)

   [ring of willpower]

   rN+:       It protects you from negative energy.
   Will+:     It increases your willpower.
   rCorr:     It protects you from acid and corrosion.
 R - the ring "Geh Toups" {Ice Fly rCorr Str+3 Dex+3}
   (You found it in an ice cave)

   [ring of ice]

   Ice:       It enhances your ice magic.
   Str+3:     It affects your strength (+3).
   Dex+3:     It affects your dexterity (+3).
   rF-:       It makes you vulnerable to fire.
   rC+:       It protects you from cold.
   Fly:       It grants you flight.
   rCorr:     It protects you from acid and corrosion.
 T - the ring "Ahegeck" {Ice Will+ rCorr}
   (You found it in an ice cave)

   [ring of ice]

   Ice:       It enhances your ice magic.
   rF-:       It makes you vulnerable to fire.
   rC+:       It protects you from cold.
   Will+:     It increases your willpower.
   rCorr:     It protects you from acid and corrosion.
 W - the amulet "Datriniss" {Reflect rN+ SH+5}
   (You took it off a tengu reaver on level 3 of the Depths)

   [amulet of reflection]

   Reflect:   It reflects blocked missile attacks.
   rN+:       It protects you from negative energy.
   SH+5:      It affects your SH (+5).
 X - the ring "Plog" (right hand) {rElec rPois rC+ rN+}
   (You found it on level 4 of the Depths)

   [ring of protection from cold]

   rC+:       It protects you from cold.
   rElec:     It insulates you from electricity.
   rPois:     It protects you from poison rN+: It protects you from negative
   energy.
 Y - the ring "Zikk" {rCorr Slay+4}
   (You took it off Margery on level 4 of the Depths)

   [ring of slaying]

   Slay+4:    It affects your accuracy & damage with ranged weapons and melee
   (+4).
   rCorr:     It protects you from acid and corrosion.
Wands
 h - a wand of mindburst (12)
 H - a wand of iceblast (57)
 I - a wand of digging (10)
 J - a wand of quicksilver (18)
 L - a wand of paralysis (17)
 S - a wand of flame (40)
Scrolls
 g - a scroll of revelation
 i - 10 scrolls of immolation
 k - 4 scrolls of vulnerability
 m - 5 scrolls of enchant weapon
 o - 8 scrolls of fog
 y - 5 scrolls of fear
 G - 4 scrolls of poison
 O - a scroll of summoning
 Z - a scroll of brand weapon
Potions
 n - 6 potions of mutation
 p - 2 potions of attraction
 q - 13 potions of brilliance
 r - 5 potions of heal wounds
 s - 10 potions of curing
 u - 2 potions of ambrosia {!q}
 A - 7 potions of enlightenment
 C - a potion of invisibility
 K - 8 potions of might
 M - 5 potions of cancellation {!q}


   Skills:
 - Level 24.7 Fighting
 - Level 24.0 Ranged Weapons
 + Level 19.5 Armour
 - Level 15.0 Dodging
 - Level 18.0 Stealth
 - Level 22.0 Shields
 O Level 27 Invocations
 - Level 5.0 Evocations


You had 26 spell levels left.
You didn't know any spells.
Your spell library contained the following spells:

 Spells                   Type           Power      Damage    Failure   Level
 Apportation              Tloc           0%         N/A       61%         1
 Magic Dart               Conj           0%         1d3       61%         1
 Necrotise                Necr           0%         1d4       61%         1
 Sting                    Conj/Alch      0%         1d3       61%         1
 Summon Small Mammal      Summ           0%         N/A       61%         1
 Call Imp                 Summ           0%         N/A       75%         2
 Ensorcelled Hibernation  Hex/Ice        0%         N/A       75%         2
 Lesser Beckoning         Tloc           0%         N/A       75%         2
 Momentum Strike          Conj/Tloc      0%         3d8       75%         2
 Scorch                   Fire           0%         2d5       75%         2
 Sublimation of Blood     Necr           0%         N/A       75%         2
 Call Canine Familiar     Summ           0%         N/A       93%         3
 Dazzling Flash           Conj/Hex       0%         N/A       93%         3
 Fugue of the Fallen      Necr           0%         N/A       93%         3
 Passwall                 Erth           0%         N/A       93%         3
 Sigil of Binding         Hex            0%         N/A       93%         3
 Tukima's Dance           Hex            0%         N/A       93%         3
 Volatile Blastmotes      Fire/Tloc      0%         2d10      93%         3
 Anguish                  Hex/Necr       0%         N/A       100%        4
 Animate Armour           Summ/Erth      0%         N/A       100%        4
 Animate Dead             Necr           0%         N/A       100%        4
 Dimensional Bullseye     Hex/Tloc       0%         N/A       100%        4
 Flame Wave               Conj/Fire      0%         2d4       100%        4
 Fulminant Prism          Conj/Alch      0%         3d5       100%        4
 Iskenderun's Mystic Bla  Conj/Tloc      0%         2d3       100%        4
 Leda's Liquefaction      Alch/Erth      0%         N/A       100%        4
 Manifold Assault         Tloc           0%         N/A       100%        4
 Passage of Golubria      Tloc           0%         N/A       100%        4
 Summon Lightning Spire   Summ/Air       0%         N/A       100%        4
 Borgnjor's Vile Clutch   Necr/Erth      0%         N/A       100%        5
 Curse of Agony           Necr           0%         N/A       100%        5
 Iskenderun's Battlesphe  Conj           0%         2d6       100%        5
 Lee's Rapid Deconstruct  Erth           0%         3d4*      100%        5
 Silence                  Hex/Air        0%         N/A       100%        5
 Bombard                  Conj/Erth      0%         9d1       100%        6
 Death Channel            Necr           0%         N/A       100%        6
 Dispersal                Tloc           0%         N/A       100%        6
 Starburst                Conj/Fire      0%         6d3       100%        6
 Summon Cactus Giant      Summ           0%         N/A       100%        6
 Spellforged Servitor     Conj/Summ      0%         N/A       100%        7
 Summon Hydra             Summ           0%         N/A       100%        7
 Disjunction              Tloc           0%         N/A       100%        8
 Lehudib's Crystal Spear  Conj/Erth      0%         10d2      100%        8
 Maxwell's Capacitive Co  Air            0%         ∞         100%        8
 Blink                    Tloc           Unusable   N/A       N/A         2
 Swiftness                Air            Unusable   N/A       N/A         3

Dungeon Overview and Level Annotations

Branches:
Dungeon (15/15)            Temple (1/1) D:5            Lair (5/5) D:8
 Shoals (4/4) Lair:3        Snake (4/4) Lair:2        Slime (0/5) Lair:5
    Orc (2/2) D:11            Elf (0/3) Orc:2        Vaults (4/5) D:14
  Crypt (3/3) Vaults:3       Tomb (1/3) Crypt:3      Depths (4/4) D:15
    Zot (5/5) Depths:4      IceCv (visited)         Volcano (visited)

Altars:
Ashenzari
Cheibriados
Dithmenos
Elyvilon
Fedhas
Gozag
Hepliaklqana
Kikubaaqudgha
Makhleb
Nemelex Xobeh
Okawaru
Qazlal
Ru
Sif Muna
Trog
Uskayaw
Vehumet
Wu Jian
Xom
Yredelemnul
Zin
The Shining One
Jiyva

Shops:
D:4 =   D:10 [   D:11 (   D:13 =   D:15 =[*?[   Orc:2 *!?[=   Shoals:4 (
Snake:1 =:=   Snake:2 ?   Snake:3 (   Snake:4 =

Portals:
Hell: Depths:1 Depths:2 Depths:4
Abyss: Depths:3
Pandemonium: Orc:2 Depths:2
Ziggurat: Depths:1
Trove: D:14 (give +2 shadow dragon scales)

Annotations:
D:7 exclusion: downstairs
D:9 exclusion: downstairs
D:14 exclusion: downstairs
Shoals:1 exclusion: downstairs
Snake:1 exclusion: downstairs
Depths:1 exclusions: ancient lich, downstairs, lich and 2 more exclusions
Depths:3 3 runed translucent doors, exclusion: downstairs, Atiunar's ghost, master TrDe
Depths:4 2 transporters


Innate Abilities, Weirdness & Mutations

You cannot be hasted, slowed, berserked, paralysed or teleported.
You can dig through walls and to a lower floor.
You have a pair of large antennae on your head. (SInv)
Your four strong arms can wield two-handed weapons with a shield.


Message History

An Ice Fiend comes into view.
HP +2 (231 -> 233).
Okay, then.
You shoot a bolt. The bolt hits the Ice Fiend!
The bolt burns the Ice Fiend.
The Ice Fiend is lightly wounded.
The Ice Fiend gestures at you. The bolt of cold misses you.
HP +1 (233 -> 234).
You shoot a bolt. The bolt hits the Ice Fiend!!
The bolt burns the Ice Fiend!
The Ice Fiend is severely wounded.
HP +2 (234 -> 236).
You shoot a bolt.
The bolt completely misses the Ice Fiend.
The Ice Fiend gestures at you. The bolt of cold hits you! You resist.
HP -15 (236 -> 221).
You shoot a bolt. The bolt hits the Ice Fiend!!!
The bolt burns the Ice Fiend.
You kill the Ice Fiend!
HP +1 (221 -> 222).
Aiming: Dig
Press: ? - help, Shift-Dir - straight line A rock wall.
This square is covered in magical glow.
The rock shatters into small pieces.
HP +2 (222 -> 224).
HP +1 (224 -> 225).
HP +1 (225 -> 226).
HP +2 (226 -> 228).
HP +1 (228 -> 229).
HP +2 (229 -> 231).
HP +1 (231 -> 232).
HP +1 (232 -> 233).
You enter the shallow water.
Moving in this stuff is going to be slow.
HP +2 (233 -> 235).
HP +2 (235 -> 237).
HP +2 (237 -> 239).
There is a staircase leading out of the dungeon here.
HP +1 (239 -> 240).
You have escaped!

.##..###.#.............#.##..####
.##..###.#.#.#.###.###.#.##..##..
...........#.#.#.#.#.........#...
.....###.#..#.#.#.#....#.###.#..#
####.###.#.#.#.#.#.#)..#.# #.....
#........#.#.#.#......# ###..# ##
#########.)≈≈≈≈.#...#######...
.#### ###...#~...≈#.........##..#
....# #....#.~..@≈.#...####.##...
....###.#...#~...≈#.............#
.............~≈≈≈≈.#.............
....#.#.#...#.#.#.#...........#..
....#.#....#.#.#.#.#...####.###.#
#####.###...#.#.#.#.........# #.#
####.###..#.#.#.#.#...###### #.#
#......#......#####...# #.#
##......##..#### #...# #.#


There were no monsters in sight!

Vanquished Creatures
  A pandemonium lord (Depths:3)
  2 ancient liches
  8 dread liches
  Frederick (Arena)
  4 orbs of fire (Zot:5)
  2 juggernauts (Depths:4)
  Sojobo (Vaults:4)
  Bai Suzhen (Vaults:4)
  Vv (Zot:3)
  3 Killer Klowns (Zot:5)
  2 caustic shrikes (Depths:4)
  2 curse toes
  Nikola (Depths:2)
  Margery (Depths:4)
  6 golden dragons
  3 bone dragons
  Norris (Arena)
  4 electric golems
  17 tentacled monstrosities
  Rupert (Vaults:2)
  9 liches
  2 Ice Fiends
  Jorgrun (Snake:1)
  A walking crystal tome (Depths:4)
  10 titans
  7 deep elf blademasters
  The ghost of Jyidacok the Warrior, an adept VSBe of Wu Jian (Shoals:1)
  7 sphinxes
  29 Orb Guardians
  8 quicksilver dragons
  A searing wretch (Depths:4)
  A walking earthen tome (Depths:4)
  An Executioner (Depths:1)
  6 deep elf master archers
  9 death cobs
  8 ancient champions
  3 tentacled starspawn
  Agnes (Vaults:2)
  Polyphemus (Shoals:2)
  12 nagarajas
  7 shadow dragons
  Kirke (Snake:2)
  5 storm dragons
  Aizul (Shoals:1)
  2 revenants
  10 tengu reavers
  2 draconian monks
  A daeva (Abyss:3)
  3 draconian shifters
  6 draconian knights
  An azure jelly (IceCv)
  A ghost moth (Zot:5)
  12 fire giants
  14 frost giants
  12 vault wardens
  2 draconian scorchers
  3 spectral caustic shrikes (Depths:2)
  A juggernaut zombie (Crypt:3)
  8 ghouls
  4 orc warlords
  Louise (Shoals:1)
  2 draconian stormcallers
  8 spriggan defenders
  3 reapers
  A quicksilver ooze (IceCv)
  8 very ugly things
  7 draconian annihilators
  A caustic shrike skeleton (Crypt:3)
  13 ironbound preservers
  5 formless jellyfish
  12 green draconians
  20 stone giants
  5 ironbound thunderhulks
  2 juggernaut skeletons
  An ophan (Abyss:3)
  A deep elf demonologist (Vaults:4)
  10 yellow draconians
  12 vampire knights
  10 white draconians
  2 war gargoyles
  8 purple draconians
  2 deep elf death magi
  6 black draconians
  The ghost of koorschki the Destroyer, a journeyman DsFE of Vehumet (Lair:4)
  The ghost of Sacsyrch the Brawler, a journeyman DrMo of Yredelemnul (D:15)
  13 dire elephants
  8 red draconians
  11 spark wasps (Depths:1)
  2 crystal guardians
  10 ettins
  7 jiangshi
  2 merfolk javelineers (Shoals:4)
  15 merfolk impalers
  2 blizzard demons (Abyss:3)
  5 eidola
  A spectral kraken (Shoals:2)
  A quicksilver dragon zombie (Crypt:1)
  2 entropy weavers
  9 fire dragons
  12 yaktaur captains
  2 deep elf high priests
  6 spriggan zombies
  5 great orbs of eyes
  A peacekeeper (Vaults:2)
  An elf skeleton (Crypt:3)
  10 hydras
  Fannar (Orc:1)
  10 ice dragons
  7 spriggan air magi
  A quicksilver dragon skeleton (Crypt:3)
  4 rakshasas
  3 catoblepae
  3 ghost crabs (Shoals:2)
  An ogre mage (D:15)
  A hell beast (Depths:1)
  2 salamander tyrants
  8 vault guards
  An Orb Guardian zombie (Crypt:2)
  A fenstrider witch zombie (Crypt:3)
  26 centaur warriors
  5 death knights
  A demonspawn (Orc:2)
  7 two-headed ogres
  13 anacondas
  2 boulder beetles
  5 merfolk avatars
  6 spriggan skeletons (Crypt:3)
  8 ironbound frosthearts
  6 dancing weapons (Crypt:3)
  7 deep troll shamans
  A satyr (Shoals:4)
  An azure jelly zombie (Crypt:3)
  6 deep troll earth magi
  13 naga warriors
  2 hell hogs
  2 sphinx skeletons
  5 merfolk aquamancers
  3 alligator snapping turtles (Shoals:4)
  22 death yaks
  11 tengu warriors
  7 spriggan berserkers
  14 naga sharpshooters
  6 orc high priests (Orc:2)
  A demonic crawler (Abyss:2)
  Urug (Lair:2)
  2 soul eaters
  A titan zombie (Crypt:3)
  16 vampire magi
  4 occultists
  A shock serpent (shapeshifter) (Vaults:1)
  6 spriggans
  5 thrashing horrors (Abyss:2)
  An emperor scorpion zombie (Crypt:2)
  8 deep elf knights
  A storm dragon zombie (D:15)
  11 shock serpents
  7 wretched stars
  11 hell knights (Depths:4)
  2 titan skeletons (Crypt:3)
  A sun demon (D:15)
  3 sixfirhies
  Lodul (D:14)
  5 salamander mystics
  4 shadow wraiths
  6 skysharks
  A spectral anaconda (Snake:1)
  8 iron trolls
  19 sea snakes
  2 spark wasp zombies
  6 glowing orange brains
  A bunyip zombie (Crypt:3)
  A quicksilver dragon simulacrum (Crypt:3)
  A swamp dragon (Lair:5)
  59 skeletal warriors
  A spectral spark wasp (Depths:1)
  2 spriggan simulacra
  45 deep trolls
  10 large abominations
  2 bog bodies
  22 ironbound convokers
  12 flayed ghosts
  11 phantasmal warriors
  A shadow demon (Zot:4)
  A tengu zombie (Depths:2)
  An obsidian statue (Volcano)
  A golden dragon skeleton (Crypt:3)
  9 lindwurms
  5 arcanists
  8 naga ritualists
  2 anaconda skeletons
  9 deep elf archers
  4 deep elf pyromancers
  9 necromancers
  18 mana vipers
  11 orc knights
  3 harpies
  A wolf spider (D:15)
  2 deep elf zephyrmancers
  A worldbinder (Abyss:2)
  18 salamanders
  6 lightning spires (Abyss:3)
  28 ugly things
  6 orc sorcerers (Orc:2)
  24 moths of wrath
  An oklob plant (Lair:1)
  A spectral alligator snapping turtle (Shoals:2)
  A will-o-the-wisp (Abyss:2)
  6 cyclopes
  17 manticores
  2 kobold blastminers (Orc:2)
  A moth of wrath (shapeshifter) (Vaults:2)
  3 spectral merfolk (Shoals:2)
  8 fauns
  2 ice statues (IceCv)
  8 merfolk sirens
  53 black mambas
  An alligator skeleton (Crypt:2)
  14 elephants
  An iron dragon skeleton (Crypt:3)
  A shock serpent zombie (Crypt:1)
  8 water nymphs
  2 rust devils
  A goliath frog skeleton (Crypt:1)
  13 naga magi
  A storm dragon simulacrum (Abyss:2)
  21 vault sentinels
  A water nymph (shapeshifter) (Depths:2)
  An eye of devastation (Lair:5)
  A guardian serpent (shapeshifter) (Depths:2)
  A centaur zombie (Crypt:3)
  A formless jellyfish zombie (Crypt:1)
  8 guardian serpents
  3 torpor snails
  5 smoke demons
  2 dire elephant skeletons (Crypt:3)
  5 rime drakes
  2 gargoyles (D:10)
  4 orange demons
  8 cane toads
  A spectral sea snake (Snake:1)
  An orb spider zombie (Crypt:2)
  A centaur skeleton (Crypt:3)
  3 kobold demonologists
  An unseen horror (D:10)
  An anaconda simulacrum (Snake:1)
  A tormentor (Abyss:3)
  A hellion (D:15)
  14 komodo dragons
  An ancient zyme (Abyss:3)
  A minotaur skeleton (Crypt:3)
  5 tengu conjurers
  2 efreet
  6 freezing wraiths
  19 yaktaurs
  2 yellow draconian skeletons
  A guardian mummy (D:14)
  2 red devils
  3 ice devils
  11 polar bears
  2 harpy zombies (Crypt:3)
  27 merfolk
  8 wind drakes
  4 trolls
  2 hellwings
  11 hornets
  A hydra skeleton (Crypt:1)
  15 snapping turtles
  4 glass eyes
  2 harpy skeletons (Crypt:3)
  22 raiju
  5 blink frogs (Lair:3)
  A jumping spider (Vaults:4)
  4 dream sheep
  An ettin zombie (Depths:2)
  47 slime creatures
  A spectral wind drake (Shoals:2)
  A stone giant simulacrum (Crypt:3)
  2 guardian serpent skeletons (Snake:1)
  A vampire (D:13)
  12 wraiths
  59 yaks
  3 ettin skeletons (Crypt:3)
  10 water elementals
  2 shadows (D:11)
  2 basilisks (D:8)
  5 ynoxinuls
  5 fire bats
  3 hogs (Snake:2)
  5 wyverns
  2 sea snake simulacra (Snake:1)
  8 wargs
  5 vampire mosquitoes
  A steam dragon (D:9)
  20 humans
  A neqoxec (Abyss:3)
  5 chaos spawn
  2 redbacks
  2 naga zombies (Abyss:2)
  A naga (shapeshifter) (D:13)
  61 nagas
  9 small abominations
  2 spatial vortices (Abyss:2)
  A glowing shapeshifter zombie (Depths:2)
  A merfolk zombie (Crypt:2)
  4 acid dragons
  A naga skeleton (Snake:1)
  5 great orb of eyes simulacra (IceCv)
  A glowing shapeshifter skeleton (Depths:2)
  A merfolk skeleton (Crypt:1)
  18 water moccasins
  A demonspawn skeleton (Crypt:1)
  20 hell hounds
  2 guardian serpent simulacra (Snake:1)
  32 orc warriors
  2 sky beasts
  2 swamp drakes (Lair:5)
  15 laughing skulls
  A snapping turtle zombie (Crypt:2)
  14 black bears
  4 ogres
  14 boggarts
  10 centaurs
  41 wolves
  3 phantoms
  A torpor snail zombie (Crypt:2)
  2 slime creature simulacra (IceCv)
  2 kobold brigands (D:13)
  Blork the orc (D:4)
  3 weeping skulls
  12 bullfrogs
  A gnoll sergeant (D:9)
  A scorpion (D:6)
  3 brain worms (Abyss:2)
  2 glowing shapeshifter simulacra (IceCv)
  3 necrophages
  16 wights
  A raiju zombie (Crypt:1)
  19 killer bees
  2 spectral nagas (Snake:1)
  A shapeshifter skeleton (Crypt:3)
  An electric eel (Lair:3)
  7 howler monkeys
  2 quasits
  6 hounds
  6 lava snakes
  33 orc priests
  4 bombardier beetles
  3 gnoll boudas
  A jelly (D:7)
  21 starcursed masses (Abyss:2)
  Jessica (D:2)
  4 iguanas (Lair:5)
  An iguana (shapeshifter) (D:15)
  15 orc wizards
  6 hell rats
  3 shapeshifter simulacra (IceCv)
  A deep dwarf zombie (Crypt:3)
  The ghost of Azzok the Insei, a weakling DsSh (D:3)
  A howler monkey zombie (Crypt:1)
  18 gnolls
  6 adders
  A howler monkey skeleton (Crypt:3)
  4 naga simulacra
  A shadow imp (D:8)
  2 white imps
  3 ufetubi
  A jelly zombie (Crypt:3)
  4 dart slugs
  2 ribbon worms (D:3)
  58 orcs
  4 endoplasms
  7 giant cockroaches
  11 goblins
  6 hobgoblins
  10 jackals
  6 quokkas
  6 ball pythons
  A ball python zombie (Crypt:2)
  7 bats
  3 frilled lizards
  8 kobolds
  A kobold skeleton (Crypt:2)
  A rat (D:2)
  A spectral goblin (D:7)
  3 starspawn tentacles
  A tentacle (Shoals:2)
2461 creatures vanquished.

Vanquished Creatures (collateral kills)
  A deep elf pyromancer (Crypt:3)
1 creature vanquished.

Vanquished Creatures (others)
  A purple draconian (Crypt:3)
  A tengu warrior (Depths:2)
  A manticore (Depths:1)
  A smoke demon (Abyss:3)
  5 starspawn tentacles (Abyss:2)
  9 tentacles (Shoals:2)
18 creatures vanquished.

Grand Total: 2480 creatures vanquished

Notes
Turn   | Place    | Note
-------+----------+-------------------------------------------
     0 | D:1      | seandewar5 the Formicid Hunter began the quest for the Orb.
     0 | D:1      | Reached XP level 1. HP: 16/16 MP: 1/1
   152 | D:1      | Reached XP level 2. HP: 18/23 MP: 2/2
   725 | D:1      | Reached XP level 3. HP: 29/29 MP: 3/3
  1387 | D:2      | Noticed Jessica
  2209 | D:3      | Reached XP level 4. HP: 37/37 MP: 4/4
  3478 | D:4      | Noticed Blork the orc
  4106 | D:3      | Reached XP level 5. HP: 42/42 MP: 5/5
  4238 | D:3      | Found a runed translucent gate.
  4238 | D:3      | Found a runed translucent gate.
  4238 | D:3      | Found a runed translucent gate.
  4238 | D:3      | Noticed Azzok's ghost (weakling DsSh)
  4571 | D:3      | Reached XP level 6. HP: 48/48 MP: 6/6
  4572 | D:3      | Reached XP level 7. HP: 62/62 MP: 7/7
  5224 | D:2      | Killed Jessica
  5739 | D:4      | Identified the +1 sling of Adverse Possession {speed,
                  | +Blink rF+}
  6117 | D:4      | Reached XP level 8. HP: 69/69 MP: 8/8
  6478 | D:4      | Killed Blork the orc
  6479 | D:4      | Reached skill level 10 in Stealth
  6479 | D:4      | Reached skill level 1 in Shields
  6629 | D:4      | Found Kaycaq's Jewellery Shoppe.
  6778 | D:5      | Entered Level 5 of the Dungeon
  6848 | D:5      | Found a staircase to the Ecumenical Temple.
  6939 | Temple   | Entered the Ecumenical Temple
  6947 | Temple   | Became a worshipper of Warmaster Okawaru
  7311 | D:5      | Found a stormy altar of Qazlal.
  7311 | D:5      | Found a shimmering blue altar of Sif Muna.
  7703 | D:5      | Found an ornate altar of the Wu Jian Council.
  8451 | D:6      | Found a broken altar of Ashenzari.
  8455 | D:6      | Saw a vision of the Shoals and the Snake Pit.
  8455 | D:6      | Noticed a shock serpent
  8455 | D:6      | Noticed a kraken
  8455 | D:6      | Noticed a salamander
  8455 | D:6      | Noticed a skyshark
  8455 | D:6      | Noticed a wind drake
  8455 | D:6      | Noticed a naga mage
  8455 | D:6      | Noticed a water nymph
  8455 | D:6      | Noticed a naga ritualist
  8455 | D:6      | Noticed a manticore
  8455 | D:6      | Noticed a naga sharpshooter
  8456 | D:6      | Noticed a merfolk
  8457 | D:6      | Noticed a skyshark
  9106 | D:6      | Reached * piety under Okawaru
  9107 | D:6      | Reached XP level 9. HP: 76/76 MP: 9/9
  9303 | D:6      | Identified a scroll of acquirement
  9304 | D:6      | Acquired 601 gold pieces
  9362 | D:4      | Bought the amulet "Peuwupua" {Reflect ^Contam rPois rF++
                  | rCorr SH+5} for 821 gold pieces
  9454 | D:6      | Found a white marble altar of Elyvilon.
  9685 | D:7      | Noticed a hornet
  9717 | D:7      | Killed a hornet
 10831 | D:6      | Reached ** piety under Okawaru
 10832 | D:6      | Reached skill level 10 in Fighting
 11196 | D:7      | Reached skill level 1 in Armour
 11276 | D:7      | Found a hazy altar of Hepliaklqana.
 11488 | D:3      | Killed Azzok's ghost
 11686 | D:6      | Reached skill level 1 in Invocations
 12204 | D:7      | Reached XP level 10. HP: 85/85 MP: 11/11
 12228 | D:7      | Reached skill level 2 in Invocations
 13023 | D:8      | Reached skill level 3 in Invocations
 13124 | D:8      | Noticed an elephant
 13557 | D:8      | Killed an elephant
 13558 | D:8      | Reached skill level 4 in Invocations
 14471 | D:8      | Found a glowing golden altar of the Shining One.
 14623 | D:8      | Found a staircase to the Lair.
 15248 | D:8      | Found a glowing golden altar of the Shining One.
 15505 | D:8      | Found a staircase to the Lair.
 16480 | D:9      | Reached skill level 5 in Invocations
 16707 | D:9      | Reached *** piety under Okawaru
 16886 | D:9      | Noticed a kobold demonologist
 17450 | D:9      | Reached XP level 11. HP: 90/90 MP: 15/15
 18252 | D:9      | Reached skill level 6 in Invocations
 18758 | D:9      | Reached skill level 5 in Armour
 20065 | D:8      | Reached skill level 7 in Invocations
 20454 | D:10     | Entered Level 10 of the Dungeon
 20475 | D:10     | Found Goupniu's Antique Armour Boutique.
 22040 | D:10     | Reached **** piety under Okawaru
 22041 | D:10     | Reached skill level 8 in Invocations
 22096 | D:10     | Identified the +1 robe of the Several Lovers {Rampage rN++}
 22306 | D:10     | Found a hide-covered altar of Uskayaw.
 22750 | D:11     | Noticed a two-headed ogre
 22795 | D:10     | Bought a cloak for 130 gold pieces
 22808 | D:10     | You fall into a shaft and drop 3 floors!
 22809 | D:13     | Noticed a two-headed ogre
 22816 | D:13     | Noticed a five-headed hydra
 23001 | D:11     | Found Diustruymm's Weapon Emporium.
 23003 | D:11     | Found a staircase to the Orcish Mines.
 23623 | D:11     | Found Diustruymm's Weapon Emporium.
 23623 | D:11     | Found a staircase to the Orcish Mines.
 23640 | D:11     | Killed a two-headed ogre
 24169 | D:12     | Noticed a two-headed ogre
 24361 | D:12     | Reached XP level 12. HP: 99/99 MP: 18/18
 25378 | D:12     | Killed a two-headed ogre
 25898 | D:13     | Noticed a four-headed hydra
 26083 | D:13     | Found Tyehuc's Jewellery Emporium.
 26088 | D:13     | Noticed a centaur warrior
 26091 | D:13     | Killed a centaur warrior
 26091 | D:13     | Reached ***** piety under Okawaru
 26986 | D:13     | Killed a four-headed hydra
 27303 | D:13     | Found Tyehuc's Jewellery Emporium.
 27549 | D:13     | Killed a two-headed ogre
 27560 | D:13     | Killed a five-headed hydra
 27560 | D:13     | Received a gift from Okawaru
 27593 | D:14     | Noticed a tengu warrior
 27593 | D:14     | Noticed Lodul
 27593 | D:14     | Noticed a centaur warrior
 27593 | D:14     | Found a gate to the Vaults.
 27676 | D:14     | Found an ancient bone altar of Kikubaaqudgha.
 27682 | D:14     | Noticed a catoblepas
 27763 | D:14     | Noticed a centaur warrior
 27905 | Arena    | Entered the Arena
 27913 | Arena    | Killed a catoblepas
 28051 | D:14     | Found a gate leading to a gauntlet.
 28066 | D:14     | Reached skill level 15 in Ranged Weapons
 28329 | Lair:1   | Entered Level 1 of the Lair of Beasts
 28337 | Lair:1   | Reached XP level 13. HP: 109/109 MP: 19/19
 28368 | Lair:1   | Found a dark tunnel.
 28377 | Volcano  | Entered a volcano
 28931 | Volcano  | Noticed a red draconian
 28948 | Volcano  | Killed a red draconian
 28987 | Volcano  | Found a bloodstained altar of Trog.
 29144 | Lair:1   | Noticed a catoblepas
 30536 | Lair:1   | Killed a catoblepas
 30860 | Lair:2   | Received a gift from Okawaru
 31244 | Lair:2   | Noticed Urug
 31308 | Lair:2   | Killed Urug
 31317 | Lair:2   | Reached XP level 14. HP: 105/120 MP: 13/20
 31353 | Lair:2   | Found a frozen archway.
 31370 | IceCv    | Entered an ice cave
 31846 | IceCv    | Noticed a quicksilver ooze
 32796 | IceCv    | Noticed an azure jelly
 32855 | IceCv    | Killed an azure jelly
 32883 | IceCv    | Found a viscous altar of Jiyva.
 32895 | IceCv    | Identified the ring "Geh Toups" {Ice Fly rCorr Str+3 Dex+3}
 32901 | IceCv    | Identified the +1 mace of Zuityu {drain, *Noise Int+5 SInv}
 32903 | IceCv    | Identified the +0 ice dragon scales of Hinkio {Rampage rF-
                  | rC++ rN+ Str+3 Dex-3}
 33076 | IceCv    | Killed a quicksilver ooze
 33138 | IceCv    | Got the ring "Ahegeck" {Ice Will+ rCorr}
 34144 | Lair:2   | Found a staircase to the Snake Pit.
 35158 | Lair:3   | Received a gift from Okawaru
 35189 | Lair:3   | Found a staircase to the Shoals.
 35786 | Lair:4   | Reached XP level 15. HP: 103/126 MP: 21/21
 35900 | Lair:4   | Found a runed translucent gate.
 35900 | Lair:4   | Found a runed translucent gate.
 35901 | Lair:4   | Noticed koorschki's ghost (journeyman DsFE)
 35902 | Lair:4   | Found a runed translucent gate.
 36108 | Lair:4   | Reached skill level 10 in Armour
 36641 | Lair:5   | Entered Level 5 of the Lair of Beasts
 36902 | Lair:5   | Reached skill level 5 in Dodging
 37151 | Lair:5   | Received a gift from Okawaru
 37329 | Lair:5   | Found a staircase to the Slime Pits.
 37393 | Lair:5   | Found a viscous altar of Jiyva.
 37759 | Lair:5   | Received a gift from Okawaru
 37856 | Lair:5   | Reached skill level 9 in Invocations
 37872 | Lair:5   | Reached skill level 15 in Fighting
 38542 | Lair:5   | Received a gift from Okawaru
 38543 | Lair:5   | Reached skill level 10 in Invocations
 38607 | Lair:5   | Reached XP level 16. HP: 100/136 MP: 23/23
 39808 | Lair:5   | Reached ****** piety under Okawaru
 39997 | Lair:5   | Found a viscous altar of Jiyva.
 39998 | Lair:5   | Found a staircase to the Slime Pits.
 40738 | D:13     | Acquired a +2 triple crossbow of draining
 40738 | D:13     | Received a gift from Okawaru
 40796 | D:13     | Acquired the +5 tower shield of the Other Side {-Cast rN+
                  | Will+ Regen+}
 40796 | D:13     | Received a gift from Okawaru
 41045 | D:14     | Received a gift from Okawaru
 41233 | D:14     | Reached skill level 5 in Shields
 41281 | D:14     | Killed Lodul
 41776 | D:14     | Found a portal to a secret trove of treasure.
 41908 | D:15     | Entered Level 15 of the Dungeon
 41974 | D:15     | Found Acrieb's Jewellery Shop.
 42077 | D:14     | Received a gift from Okawaru
 43016 | D:15     | Found Unih's Antique Armour Boutique.
 43022 | D:15     | Found Guadgh's Assorted Antiques.
 43026 | D:15     | Found Hithrigui's Antique Armour Shop.
 43026 | D:15     | Found Vaxopiq's Magic Scroll Boutique.
 43030 | D:15     | Found a transporter.
 43033 | D:15     | Noticed Sacsyrch's ghost (journeyman DrMo)
 43034 | D:15     | Found a transporter.
 43146 | D:15     | Found a staircase to the Depths.
 43200 | D:15     | Received a gift from Okawaru
 43201 | D:15     | Reached skill level 10 in Shields
 43501 | D:15     | Identified the +6 shortbow "Mughoo" {speed, rC+ rN+ Str-5
                  | Dex+2}
 43567 | D:15     | Bought a scroll of acquirement for 832 gold pieces
 43567 | D:15     | Acquired a manual of Ranged Weapons
 43780 | Lair:4   | Reached XP level 17. HP: 127/142 MP: 17/24
 43785 | Lair:4   | Killed koorschki's ghost
 43797 | Lair:4   | Got the Atlas of Creative Darkness
 43800 | Lair:4   | Identified the ring of Luejahon {rPois Will+ Int+3}
 43982 | Orc:1    | Entered Level 1 of the Orcish Mines
 43982 | Orc:1    | Noticed Fannar
 43985 | Orc:1    | Killed Fannar
 44044 | Orc:2    | Entered Level 2 of the Orcish Mines
 44267 | Orc:2    | Found a staircase to the Elven Halls.
 44539 | Orc:2    | Found Avaod's General Store.
 46164 | Orc:2    | Found Qiugiul's Distillery.
 46166 | Orc:2    | Found Qylen's Magic Scroll Shop.
 46387 | Orc:2    | Bought a potion of invisibility for 128 gold pieces
 46390 | Orc:2    | Bought a scroll of enchant weapon for 112 gold pieces
 46390 | Orc:2    | Bought a scroll of fear for 60 gold pieces
 46413 | Orc:2    | Received a gift from Okawaru
 46612 | Orc:2    | Found Huzije's Antique Armour Emporium.
 46612 | Orc:2    | Found a one-way gate leading to the halls of Pandemonium.
 46612 | Orc:2    | Found Giutugai's Jewellery Shoppe.
 46620 | Orc:2    | Bought a pair of runed gloves for 195 gold pieces
 46879 | Snake:1  | Entered Level 1 of the Snake Pit
 47055 | Snake:1  | Noticed Jorgrun
 47059 | Snake:1  | Killed Jorgrun
 47265 | Snake:1  | Received a gift from Okawaru
 47500 | Snake:1  | Reached XP level 18. HP: 149/149 MP: 25/25
 47613 | Snake:1  | Found Roefy's Jewellery Boutique.
 47615 | Snake:1  | Found Fizibalo's Book Emporium.
 47616 | Snake:1  | Found Miboeryo's Jewellery Boutique.
 47808 | Snake:2  | Received a gift from Okawaru
 49037 | Snake:2  | Noticed Kirke
 49044 | Snake:2  | Killed Kirke
 49257 | Snake:2  | Found Moghe's Magic Scroll Shoppe.
 49260 | Snake:2  | Bought a scroll of enchant armour for 90 gold pieces
 49591 | Snake:2  | Received a gift from Okawaru
 50168 | Snake:3  | Received a gift from Okawaru
 50283 | Snake:3  | Found Xuusog's Antique Weapon Shoppe.
 50360 | Snake:3  | Reached skill level 15 in Shields
 50759 | Snake:4  | Entered Level 4 of the Snake Pit
 50765 | Snake:4  | Reached XP level 19. HP: 159/159 MP: 26/26
 50970 | Snake:4  | Identified the amulet "Illudog" {Acrobat Harm}
 50981 | Snake:4  | Found a shimmering blue altar of Sif Muna.
 51112 | Snake:3  | Received a gift from Okawaru
 51272 | Arena    | Entered the Arena
 51511 | Snake:3  | Found Xuusog's Antique Weapon Shoppe.
 52125 | Snake:4  | Received a gift from Okawaru
 52325 | Snake:4  | Got a serpentine rune of Zot
 52668 | Snake:4  | Found Huriymn's Jewellery Shoppe.
 53019 | D:10     | Bought shiny acid dragon scales for 1247 gold pieces
 53258 | Shoals:1 | Entered Level 1 of the Shoals
 53459 | Shoals:1 | Noticed Louise
 53480 | Shoals:1 | Killed Louise
 53571 | Shoals:1 | Received a gift from Okawaru
 53680 | Shoals:1 | Reached skill level 11 in Invocations
 53742 | Shoals:1 | Identified the serpent talisman of the Maze {rF+ rC- Int+7
                  | Dex+2}
 53742 | Shoals:1 | Noticed Aizul
 53748 | Shoals:1 | Killed Aizul
 53890 | Shoals:1 | Found a runed translucent door.
 53895 | Shoals:1 | Noticed Jyidacok's ghost (adept VSBe)
 53921 | Shoals:1 | Killed Jyidacok's ghost
 54053 | Shoals:2 | Noticed Polyphemus
 54293 | Shoals:2 | Reached XP level 20. HP: 168/168 MP: 28/28
 54682 | Shoals:2 | Killed Polyphemus
 54682 | Shoals:2 | Received a gift from Okawaru
 54834 | Shoals:1 | Identified the +3 rapier of the Summoning Gods {holy, rC+
                  | rN+ Will+}
 55198 | Shoals:3 | Reached skill level 12 in Invocations
 55586 | Shoals:4 | Entered Level 4 of the Shoals
 55926 | Shoals:4 | Found Xihatix's Antique Weapon Shoppe.
 55969 | Arena    | Entered the Arena
 56002 | Arena    | Entered the Arena
 56039 | Shoals:4 | Received a gift from Okawaru
 56156 | Shoals:4 | Got a barnacled rune of Zot
 56242 | Shoals:4 | Identified the +1 hand axe of Suengihi {elec, *Rage rF+
                  | rC+++ Will+}
 56285 | Shoals:4 | Reached skill level 13 in Invocations
 56830 | Vaults:1 | Entered Level 1 of the Vaults
 56910 | Vaults:1 | Reached XP level 21. HP: 174/174 MP: 30/30
 56919 | Vaults:1 | Received a gift from Okawaru
 57964 | Vaults:1 | Received a gift from Okawaru
 58229 | Vaults:1 | Reached skill level 10 in Dodging
 58229 | Vaults:1 | Reached skill level 14 in Invocations
 58907 | Vaults:2 | Noticed Agnes
 58916 | Vaults:2 | Killed Agnes
 58926 | Vaults:2 | Identified the orb of the Swan {light, MP+9 Int+3}
 58926 | Vaults:2 | Noticed Frederick
 59098 | Vaults:2 | Noticed Rupert
 59103 | Arena    | Entered the Arena
 59107 | Arena    | Killed Frederick
 59128 | Vaults:2 | Killed Rupert
 59260 | Vaults:2 | Noticed Norris
 59261 | Arena    | Entered the Arena
 59270 | Arena    | Killed Norris
 59554 | Vaults:2 | Received a gift from Okawaru
 59866 | Vaults:2 | Reached XP level 22. HP: 185/185 MP: 32/32
 60465 | Vaults:3 | Received a gift from Okawaru
 60715 | Vaults:3 | Reached skill level 15 in Invocations
 60868 | Vaults:3 | Found a staircase to the Crypt.
 60868 | Vaults:3 | Found a basalt altar of Yredelemnul.
 60869 | Vaults:3 | Found an ancient bone altar of Kikubaaqudgha.
 61275 | Vaults:3 | Received a gift from Okawaru
 61688 | Vaults:4 | Noticed Bai Suzhen
 61694 | Vaults:4 | Killed Bai Suzhen
 61782 | Vaults:4 | Reached skill level 16 in Invocations
 61804 | Vaults:4 | Got the Catalogue of Transposition
 61956 | Vaults:4 | Received a gift from Okawaru
 62228 | Arena    | Entered the Arena
 62432 | Vaults:4 | Reached XP level 23. HP: 196/196 MP: 35/35
 62952 | Vaults:4 | Received a gift from Okawaru
 62952 | Vaults:4 | Noticed Sojobo
 62968 | Vaults:4 | Killed Sojobo
 63821 | Snake:4  | Bought the ring "Hit Diass" {+Blink rElec Will+ rCorr
                  | Int-2} for 848 gold pieces
 64186 | D:15     | Killed Sacsyrch's ghost
 64192 | D:15     | Reached skill level 17 in Invocations
 64192 | Arena    | Entered the Arena
 64278 | Depths:1 | Entered Level 1 of the Depths
 64516 | Depths:1 | Received a gift from Okawaru
 64516 | Depths:1 | Noticed an ancient lich
 64518 | Depths:1 | Killed an ancient lich
 64781 | Depths:1 | Reached skill level 1 in Evocations
 64905 | Depths:1 | Found a one-way gateway to a ziggurat.
 64905 | Depths:1 | Noticed an ancient lich
 65174 | Depths:1 | Received a gift from Okawaru
 65228 | Depths:1 | Found a sparkling altar of Nemelex Xobeh.
 65314 | Depths:1 | Found a gateway to Hell.
 65327 | Depths:1 | Reached skill level 18 in Invocations
 65494 | Depths:1 | Reached XP level 24. HP: 204/204 MP: 36/36
 65519 | Depths:1 | Reached skill level 15 in Armour
 66312 | Depths:2 | Reached skill level 5 in Evocations
 66322 | Depths:2 | Received a gift from Okawaru
 66689 | Depths:2 | Noticed Nikola
 66720 | Depths:2 | Killed Nikola
 66965 | Depths:2 | Identified the death talisman of the Realm of Zot {rElec}
 67015 | Depths:2 | Received a gift from Okawaru
 67309 | Depths:2 | Reached skill level 15 in Stealth
 67406 | Depths:3 | Reached skill level 19 in Invocations
 67594 | Depths:3 | Identified the amulet "Datriniss" {Reflect rN+ SH+5}
 67621 | Arena    | Entered the Arena
 67703 | Depths:3 | Received a gift from Okawaru
 67933 | Depths:3 | Found a runed translucent gate.
 67933 | Depths:3 | Found a runed translucent gate.
 67934 | Depths:3 | Found a runed translucent gate.
 67934 | Depths:3 | Found an ancient bone altar of Kikubaaqudgha.
 67934 | Depths:3 | Noticed a dread lich
 67935 | Depths:3 | Noticed Atiunar's ghost (master TrDe)
 67935 | Depths:3 | Noticed a dread lich
 67935 | Depths:3 | Noticed an ancient lich
 68211 | Depths:3 | Found a one-way gate to the infinite horrors of the Abyss.
 68515 | Depths:4 | Entered Level 4 of the Depths
 68550 | Depths:4 | Noticed a juggernaut
 68550 | Depths:4 | Noticed Margery
 69232 | Depths:3 | Found a one-way gate to the infinite horrors of the Abyss.
 69469 | Depths:4 | Reached XP level 25. HP: 210/212 MP: 36/36
 69786 | Depths:4 | Identified the dragon-blood talisman of the Exiled Hosts
                  | {Will+}
 69897 | Depths:4 | Identified the granite talisman "Lalen" {rN+ Str+4 Int+2}
 69953 | Depths:4 | Received a gift from Okawaru
 69987 | Depths:4 | Found a transporter.
 69994 | Depths:4 | Reached skill level 20 in Invocations
 70144 | Depths:3 | Identified the +2 quarterstaff "Juduad" {vamp, rElec Str+3}
 70149 | Depths:4 | Identified the +3 ring mail "Luadydeg" {-Tele rC+ Stlth+}
 70158 | Depths:4 | Found a gate to the Realm of Zot.
 70985 | Depths:4 | Found a snail-covered altar of Cheibriados.
 71035 | Depths:4 | Identified the ring "Curphis" {Wiz Slay+2}
 71074 | Depths:4 | Noticed a caustic shrike
 71079 | Depths:4 | Killed a caustic shrike
 71145 | Depths:4 | Found a white marble altar of Elyvilon.
 71177 | Depths:4 | Identified the ring "Zikk" {rCorr Slay+4}
 71185 | Arena    | Entered the Arena
 72156 | Depths:4 | Noticed a juggernaut
 72620 | Depths:4 | Received a gift from Okawaru
 72712 | Depths:4 | Identified the ring of Darivea {Ice rPois Will+ Str+3
                  | Int-4}
 73667 | Depths:4 | Killed a juggernaut
 73688 | Depths:4 | Identified the ring "Plog" {rElec rPois rC+ rN+}
 73797 | Depths:4 | Killed Margery
 73827 | Depths:4 | Killed a juggernaut
 73938 | Depths:4 | Noticed a caustic shrike
 73943 | Depths:4 | Killed a caustic shrike
 74057 | Depths:4 | Found a white marble altar of Elyvilon.
 74123 | Depths:4 | Found a snail-covered altar of Cheibriados.
 74241 | Depths:4 | Found a gate to the Realm of Zot.
 74257 | Depths:4 | Found a transporter.
 74324 | Depths:4 | Found a transporter.
 74692 | Orc:2    | Bought a potion of curing for 48 gold pieces
 74692 | Orc:2    | Bought a potion of curing for 48 gold pieces
 74692 | Orc:2    | Bought 2 potions of cancellation for 256 gold pieces
 74945 | Temple   | Fell from the grace of Okawaru
 74945 | Temple   | Became a worshipper of Zin the Law-Giver
 74945 | Temple   | Reached * piety under Zin
 74945 | Temple   | Reached ** piety under Zin
 75231 | Snake:2  | Bought a scroll of brand weapon for 114 gold pieces
 75233 | Snake:2  | Bought 3 scrolls of immolation for 144 gold pieces
 75233 | Snake:2  | Bought a scroll of brand weapon for 114 gold pieces
 75233 | Snake:2  | Bought a scroll of poison for 48 gold pieces
 75233 | Snake:2  | Bought a scroll of fog for 48 gold pieces
 75233 | Snake:2  | Bought a scroll of fog for 48 gold pieces
 75601 | Crypt:1  | Entered Level 1 of the Crypt
 75749 | Crypt:1  | Reached *** piety under Zin
 75891 | Crypt:1  | Donated 603 gold pieces to Zin
 75933 | Crypt:1  | Reached **** piety under Zin
 76179 | Crypt:1  | Reached ***** piety under Zin
 76864 | Crypt:2  | Reached XP level 26. HP: 222/222 MP: 37/37
 77520 | Crypt:2  | Reached ****** piety under Zin
 78177 | Crypt:3  | Entered Level 3 of the Crypt
 78220 | Crypt:3  | Reached skill level 21 in Invocations
 78803 | Crypt:3  | Found a staircase to the Tomb.
 79196 | Crypt:3  | Found a shimmering altar of Xom.
 79328 | Crypt:3  | Identified the +0 robe of Viny Amelioration {-Tele Fly
                  | rElec Dex-5}
 79328 | Crypt:3  | Identified the ring of Youthful Indiscretion {*Corrode
                  | rElec AC+4 Str+2}
 79332 | Crypt:3  | Noticed a dread lich
 79335 | Crypt:3  | Killed a dread lich
 79697 | Tomb:1   | Entered Level 1 of the Tomb of the Ancients
 79942 | Crypt:3  | Reached skill level 22 in Invocations
 80851 | Depths:3 | Voluntarily entered the Abyss.
 80928 | Abyss:1  | Found a corrupted altar of Lugonu.
 81067 | Abyss:2  | Reached XP level 27. HP: 229/229 MP: 38/38
 81189 | Abyss:2  | Was forgiven by Okawaru
 81724 | Abyss:3  | Found a corrupted altar of Lugonu.
 81788 | Abyss:3  | Reached skill level 23 in Invocations
 81884 | Abyss:3  | Found a corrupted altar of Lugonu.
 81965 | Depths:3 | Escaped the Abyss
 82112 | Depths:3 | Voluntarily entered the Abyss.
 82261 | Abyss:3  | Got an abyssal rune of Zot
 82391 | Abyss:3  | Found a corrupted altar of Lugonu.
 82420 | Depths:3 | Escaped the Abyss
 82503 | Zot:1    | Entered Level 1 of the Realm of Zot
 83220 | Zot:1    | Reached skill level 24 in Invocations
 84802 | Zot:3    | Noticed Vv
 84821 | Zot:3    | Killed Vv
 84822 | Zot:3    | Reached skill level 25 in Invocations
 85071 | Zot:3    | Reached skill level 15 in Dodging
 85224 | Zot:3    | Identified the ring of Avuinupe {rN+ Will+ rCorr}
 86547 | Zot:5    | Entered Level 5 of the Realm of Zot
 87147 | Zot:5    | Noticed an orb of fire
 87154 | Zot:5    | Noticed an orb of fire
 87392 | Zot:5    | Noticed a Killer Klown
 87398 | Zot:5    | Killed a Killer Klown
 87426 | Zot:5    | Noticed a dread lich
 87431 | Zot:5    | Killed a dread lich
 87535 | Zot:5    | Noticed a Killer Klown
 87542 | Zot:5    | Killed a Killer Klown
 87543 | Zot:5    | Reached skill level 26 in Invocations
 87628 | Zot:5    | Noticed a Killer Klown
 87633 | Zot:5    | Noticed a dread lich
 87640 | Zot:5    | Killed a Killer Klown
 87648 | Zot:5    | Killed a dread lich
 87935 | Zot:5    | Noticed an orb of fire
 87951 | Zot:5    | Killed an orb of fire
 88018 | Zot:5    | Killed an orb of fire
 88187 | Zot:5    | Killed an orb of fire
 88466 | Zot:5    | Noticed a dread lich
 88469 | Zot:5    | Noticed a dread lich
 88473 | Zot:5    | Noticed an orb of fire
 88474 | Zot:5    | Killed a dread lich
 88478 | Zot:5    | Killed a dread lich
 88479 | Zot:5    | Reached skill level 27 in Invocations
 88486 | Zot:5    | Killed an orb of fire
 88703 | Zot:5    | Noticed a dread lich
 88708 | Zot:5    | Killed a dread lich
 88739 | Zot:5    | Noticed an ancient lich
 88750 | Zot:5    | Killed an ancient lich
 88761 | Zot:5    | Noticed a dread lich
 88765 | Zot:5    | Killed a dread lich
 88770 | Zot:5    | Noticed a dread lich
 88774 | Zot:5    | Killed a dread lich
 89500 | Zot:5    | Got the Orb of Zot
 89657 | Depths:3 | Noticed Nuplotiorgh the pandemonium lord
 89678 | Depths:3 | Killed Nuplotiorgh the pandemonium lord
 89843 | D:15     | Noticed Pecoh the pandemonium lord
 90133 | D:$      | Escaped with the Orb!

Illustrated notes

Levels and vault maps discovered:
D:1:      ncdulo_watergridlock, layout_loops_cross, chequers_decorated_corner
D:2:      layout_loops_corners, uniq_jessica
D:3:      minmay_general_purpose_star, layout_rooms, ebering_ghost_rock_garden,
          kennysheep_nondescript, minmay_misc_feat_roman, minmay_quantized
D:4:      layout_cave_pools, minmay_shop_enchanted_jewellery,
          minmay_misc_feat_four_crosses, uniq_blork_the_orc
D:5:      layout_gridville, chequers_temple_overflow_statue_of_worship,
          nicolae_wu_jian_glorious_leap, temple_pool_b, st_stairs_14
D:6:      layout_rooms, grunt_ashenzari_visionary
          [grunt_ashenzari_visionary_shoals, grunt_ashenzari_visionary_snake],
          marbit_many_paths
D:7:      layout_loops_corners, nicolae_hepliaklqana_monster_ancestors,
          hangedman_decor_clover_reticule
D:8:      layout_layer_cave, mainiacjoe_overflow_tiny_flanked,
          david_lair_generic, amcnicky_mini_pool_small, columned_hall_lemuel
D:9:      layout_loops_corners
D:10:     nicolae_cairo_tiling_large, layout_irregular_city,
          nicolae_uskayaw_suspiria, serial_shops, nicolae_take_the_stairs
D:11:     layout_irregular_city, orc_david_3
D:12:     layout_stronghold
D:13:     layout_basic, serial_shops, nicolae_shop_gaudy_bauble,
          minmay_misc_feat_pillars
D:14:     layout_basic, david_vaults_3, nicolae_trove_entry_path_of_doom,
          kiku_gazebo_garden_becter, gauntlet_entry_generic, uniq_lodul
D:15:     gammafunk_depths_entry_grave, layout_small_grid, serial_shops, shop,
          shop, shop, shop, shop, gammafunk_ghost_arena
Temple:   dpeg_chambers_temple
Lair:1:   minmay_lair_oklob_chamber, layout_chaotic_city, serial_forest,
          infiniplex_forest_clump_curved, infiniplex_forest_lined_3,
          infiniplex_forest_lined_room_3, infiniplex_forest_side_room,
          infiniplex_forest_lined_2, infiniplex_forest_clump_large,
          infiniplex_forest_straight_4, nicolae_volcano_entry_two_sided,
          serial_bayou_pond_c, pdpol_lair_neglected_garden,
          chequers_serial_rivers_small_3
Lair:2:   layout_small_grid, minmay_snake_entry_guardpost_medium,
          portal_ice_cave_entry_pillars_1, eino_small_chamber_without_monster,
          patterned_corridor, uniq_urug
Lair:3:   layout_cave_pods, minmay_shoals_entry_centaurs,
          dreamdust_gnoll_shepherd, serial_bayou_shore_a, lemuel_fruit_fields,
          grunt_megastairs_2, infiniplex_staircase_pool_2
Lair:4:   layout_loops_ring, serial_forest, infiniplex_forest_lined_room_,
          infiniplex_forest_clump_long, infiniplex_forest_clump_long,
          infiniplex_forest_3_way, infiniplex_forest_zigzag_1,
          infiniplex_forest_clump_diagonal, infiniplex_forest_diagonal,
          infiniplex_forest_end_double, gammafunk_ghost_hydra_chop
Lair:5:   hangedman_lair_caniforms_friends, layout_misc_corridors,
          guppyfry_lair_end_dragon, minmay_slime_entry_eyes,
          chequers_serial_rivers_micro_e, chequers_serial_rivers_small_b
Shoals:1: layout_shoals, ebering_ghost_reflecting_pool,
          nicolae_shoals_hidden_pirate_stash, uniq_aizul, uniq_louise
Shoals:2: layout_shoals, nicolae_shoals_spectral_cove, uniq_polyphemus
Shoals:3: layout_shoals
Shoals:4: shoals_end_simple, layout_shoals, serial_shops, shop,
          nicolae_shoals_the_drawing_of_the_three
Snake:1:  layout_rooms, nicolae_snake_the_dead_are_slithering,
          minmay_shop_grove, uniq_jorgrun
Snake:2:  hangedman_cross_veins, layout_cave_shapes, serial_shops,
          nicolae_shop_rolled_up, chequers_hall_statues_wall_a,
          serial_library_hellmonk_small_corner, lemuel_fruit_tree, uniq_kirke
Snake:3:  layout_misc_corridors, serial_shops, shop
Snake:4:  grunt_snake_rune_pools, layout_misc_corridors, serial_shops,
          nicolae_shop_back_alley_shop, basic_altar, special_room
Orc:1:    layout_diamond_mine, serial_shops, shop, uniq_erica, uniq_fannar
Orc:2:    pf_orc_diabolical, layout_diamond_mine, serial_shops, shop
Vaults:1: vaults_room_boxed, v_misc_30, hangedman_vaults_snaps,
          nicolae_vaults_tetromino_L_1, nicolae_vaults_little_squares_3,
          nicolae_vaults_stepped_doors, nicolae_vaults_door_testing_chamber,
          vaults_dpeg_diagonal, nicolae_vaults_border_crossing,
          layout_vaults_omnibox
Vaults:2: sword_in_stone, nicolae_vaults_mini_display_case,
          nicolae_vaults_arrows, v_misc_26, nicolae_vaults_house_2,
          nicolae_vaults_storage_room_glass, nicolae_vaults_surprise_closet,
          vaults_room_hallway, layout_vaults_omnigrid, uniq_norris
Vaults:3: vaults_room_pool, nicolae_vaults_crenellated_ambush,
          vaults_room_pools, vaults_room_hallway,
          nicolae_vaults_heart-shaped_vault, nicolae_vaults_trapezoid_2,
          minmay_crypt_entry_necro_gods, v_misc_12, nicolae_vaults_weapon_check,
          hangedman_vaults_stretched_pinwheel, hangedman_vaults_restitches,
          ontoclasm_vaults_decontamination, v_alt_pattern_5, layout_vaults_ring
Vaults:4: ontoclasm_vaults_misaligned, nicolae_vaults_know_your_exits,
          nicolae_vaults_shrinking_rooms_1, vaults_dpeg_doors,
          nicolae_vaults_closet_pinwheel_6, nicolae_vaults_house_1,
          vaults_mumra_hex, nicolae_vaults_trapezoid_3, ontoclasm_vaults_chip,
          layout_vaults_chaotic_city, uniq_bai_suzhen, uniq_sojobo
Crypt:1:  layout_gridlike, glass_columns_b, grunt_megastairs_3
Crypt:2:  layout_regular_city, grunt_megastairs_5
Crypt:3:  church_of_pain_bobbens, layout_chaotic_city, nicolae_danse_macabre
Tomb:1
Depths:1: bobbens_index_wilting_gardens, layout_gridville, enter_ziggurat_c,
          grunt_mini_vestibule, special_room [special_room_mythical_zoo],
          nemelex_lonely_heart_becter
Depths:2: minmay_split_circle, layout_basic, grunt_pan_entry_spiral,
          pf_hell_entry_tar_river, lemuel_nasty_fountain, uniq_nikola
Depths:3: dreamdust_tengu_aerie, layout_basic, abyss_entry,
          hangedman_geh_valley, hangedman_decor_opposing,
          rand_demon_pan_entry_9, gammafunk_ghost_crypt, firewood_loft
Depths:4: hangedman_spin_cycle, hell_entry
Zot:1:    layout_twisted_circle
Zot:2:    kennysheep_bubbly, layout_onion
Zot:3:    layout_gridlike, regret_index_zotdec_plus, uniq_vv
Zot:4:    layout_basic
Zot:5:    layout_cathedral_of_symmetry, bh_zot_ikea_curve

Skill      XL: |  1  2  3  4  5  6  7  8  9 10 11 12 13 14 15 16 17 18 19 20 21 22 23 24 25 26 27 |
---------------+----------------------------------------------------------------------------------+-----
Fighting       | 3 4 8 9 10 12 14 15 16 17 18 20 21 24 | 24.7
Stealth        | 2 9 10 13 15 18 | 18.0
Ranged Weapons | 11 12 13 15 16 18 22 23 24 | 24.0
Shields        | 2 3 10 12 15 17 18 19 20 21 22 | 22.0
Armour         | 1 4 5 6 9 11 12 14 15 16 19 | 19.5
Invocations    | 1 5 8 10 11 13 14 16 18 19 20 22 27 | 27.0
Dodging        | 2 3 6 7 8 10 11 12 13 15 | 15.0
Evocations     | 4 5 |  5.0

Action                     |  1- 3 |  4- 6 |  7- 9 | 10-12 | 13-15 | 16-18 | 19-21 | 22-24 | 25-27 || total
---------------------------+-------+-------+-------+-------+-------+-------+-------+-------+-------++-------
  Melee: Unarmed           |       |       |       |       |       |       |     9 |       |       ||     9
   Fire: Shortbow          |   102 |    79 |   105 |       |       |       |       |       |       ||   286
         Sling             |       |       |   410 |    46 |       |       |       |       |       ||   456
         Orcbow            |       |       |       |   401 |   270 |       |       |       |       ||   671
         Arbalest          |       |       |       |   113 |   883 |   233 |       |       |       ||  1229
         Triple crossbow   |       |       |       |       |       |   913 |  1114 |  1137 |  2096 ||  5260
  Throw: Dart              |       |       |    18 |     4 |     1 |       |     1 |       |       ||    24
         Throwing net      |       |       |       |       |       |       |     1 |       |     6 ||     7
 Invoke: Heroism           |       |       |     1 |     5 |     9 |     4 |     5 |     2 |       ||    26
         Finesse           |       |       |       |     1 |     5 |     2 |     5 |     1 |     2 ||    16
         Duel              |       |       |       |     1 |       |       |     5 |     3 |     1 ||    10
         Receive Weapon    |       |       |       |       |       |     1 |       |       |       ||     1
         Receive Armour    |       |       |       |       |       |     1 |       |       |       ||     1
         Recite            |       |       |       |       |       |       |       |       |    37 ||    37
         Donate Gold       |       |       |       |       |       |       |       |       |     1 ||     1
         Sanctuary         |       |       |       |       |       |       |       |       |     4 ||     4
         Vitalisation      |       |       |       |       |       |       |       |       |     2 ||     2
         Imprison          |       |       |       |       |       |       |       |       |     1 ||     1
Ability: Dig               |       |       |       |     2 |     6 |     2 |       |       |     4 ||    14
         Shaft Self        |       |       |       |     1 |       |       |       |       |       ||     1
  Evoke: Wand              |       |       |     4 |    10 |     1 |     3 |     1 |       |    21 ||    40
    Use: Scroll            |     4 |     3 |    12 |    12 |     7 |     9 |     2 |     9 |    11 ||    69
         Potion            |     4 |     2 |       |     3 |       |       |     6 |     6 |    16 ||    37
 Armour: Leather armour    |    21 |    17 |       |       |       |       |       |       |       ||    38
         Scale mail        |       |       |    70 |   103 |   295 |   252 |    55 |       |       ||   775
         Acid dragon scale |       |       |       |       |       |       |   115 |   202 |   477 ||   794
  Dodge: Dodged            |    36 |    18 |    59 |   113 |   287 |   383 |   179 |   225 |   435 ||  1735
  Block: Buckler           |       |       |    43 |   120 |   263 |   262 |       |       |       ||   688
         Reflection        |       |       |     1 |    12 |     2 |    74 |   108 |    71 |    80 ||   348
         Tower shield      |       |       |       |       |       |   375 |   918 |   882 |  1752 ||  3927
         Other             |       |       |       |       |       |       |     1 |       |       ||     1

Table legend: (Time is in decaauts)
 A = Elapsed time spent in this place.
 B = Non-inter-level travel time spent in this place.
 C = Inter-level travel time spent in this place.
 D = Time resting spent in this place.
 E = Time spent auto-exploring this place.
 F = Levels seen in this place.
 G = Mean time per level.
                   A        B        C        D        E       F      G
               +--------+--------+--------+--------+--------+-----+--------+
         Total |  92153 |  83001 |   9152 |  20156 |  34816 |  64 | 1439.9 |
       Dungeon |  33539 |  28810 |   4729 |   7044 |  12062 |  15 | 2235.9 |
        Temple |     72 |     18 |     54 |      0 |      0 |   1 |   72.0 |
          Lair |  10666 |   9381 |   1285 |   2635 |   3977 |   5 | 2133.2 |
        Shoals |   3771 |   3535 |    236 |    215 |   2184 |   4 |  942.8 |
     Snake Pit |   6598 |   5947 |    651 |   1998 |   2324 |   4 | 1649.5 |
  Orcish Mines |   2955 |   2767 |    188 |   1063 |    906 |   2 | 1477.5 |
        Vaults |   7162 |   6452 |    710 |    836 |   3659 |   4 | 1790.5 |
         Crypt |   4900 |   4545 |    355 |    581 |   1932 |   3 | 1633.3 |
          Tomb |      1 |      1 |      0 |      0 |      0 |   1 |    1.0 |
        Depths |  11028 |  10313 |    715 |   3568 |   3476 |   4 | 2757.0 |
           Zot |   7280 |   7055 |    225 |   1045 |   4108 |   5 | 1456.0 |
         Abyss |   1491 |   1491 |      0 |     98 |    105 |   4 |  372.8 |
      Ice Cave |   1810 |   1810 |      0 |    719 |      6 |   1 | 1810.0 |
       Volcano |    648 |    648 |      0 |    239 |     77 |   1 |  648.0 |
         Arena |    225 |    225 |      0 |    111 |      0 |  10 |   22.5 |
               +--------+--------+--------+--------+--------+-----+--------+

Top non-repeatable levels by time:
Depths:4: 4865 daAuts
     D:8: 4487 daAuts
     D:9: 4064 daAuts
  Lair:5: 3590 daAuts
   Zot:5: 2975 daAuts
   Orc:2: 2697 daAuts
    D:13: 2670 daAuts
Depths:3: 2446 daAuts
     D:7: 2325 daAuts
  Lair:1: 2304 daAuts
    D:10: 2269 daAuts
 Snake:2: 2260 daAuts
Depths:1: 2139 daAuts
     D:3: 2133 daAuts
 Crypt:3: 2128 daAuts
